[Event "Czech Open-Rapid 2022"]
[Site "Pardubice"]
[Date "2022.07.21"]
[Round "4.27"]
[White "Nemec, Bohumil"]
[Black "Contos, Vaclav sr"]
[Result "0-1"]
[ECO "A43"]
[WhiteElo "1762"]
[BlackElo "2074"]
[Annotator "NA RC"]
[PlyCount "80"]
[EventDate "2022.07.20"]
[EventType "swiss"]
[EventCountry "CZE"]
[SourceTitle "playchess.com"]
[Source "ChessBase"]
[SourceQuality "1"]
[TimeControl "1200+10"]

1. d4 c5 2. c3 e6 3. Nf3 Nf6 4. Bf4 d5 5. Bxb8 Rxb8 6. e3 Bd7 7. Nbd2 Bd6 8. dxc5 Bxc5 9. Ne5 O-O 10. Nxd7 Qxd7 11. Nf3 Bd6 12. h3 Ne4 13. Bd3 f5 14. O-O b5 15. a3 Rf6 16. Qc2 Rbf8 17. Rad1 Rh6 18. Bxe4 fxe4 19. Nd4 Rff6 20. Ne2 Rfg6 21. Ng3 Bxg3 22. fxg3 Rxg3 23. Qxe4 Rhg6 24. Qf4 Rxg2+ 25. Kh1 h6 26. Qb8+ Kh7 27. Rf8 R6g3 28. Rdf1 e5 29. Rh8+ Kg6 30. Qc8 Qxc8 31. Rxc8 Rxb2 32. Rc6+ Kh7 33. Rc5 Rxe3 34. Rxd5 Rxc3 35. Rxe5 Rxh3+ 36. Kg1 Rxa3 37. Re7 Raa2 38. Rff7 Rb1+ 39. Rf1 Rxf1+ 40. Kxf1 b4 0-1

[Event "Czech Open-Rapid 2022"]
[Site "Pardubice"]
[Date "2022.07.21"]
[Round "4.28"]
[White "Dosedel, Jiri"]
[Black "Haack, Stefan"]
[Result "0-1"]
[ECO "A00"]
[WhiteElo "2008"]
[BlackElo "1757"]
[Annotator "TA"]
[PlyCount "98"]
[EventDate "2022.07.20"]
[EventType "swiss"]
[EventCountry "CZE"]
[SourceTitle "playchess.com"]
[Source "ChessBase"]
[SourceQuality "1"]
[TimeControl "1200+10"]

1. g4 d5 2. Bg2 c6 3. h3 e5 4. b3 Nd7 5. Bb2 Bd6 6. e3 {[%emt 0:00:35] A00: Irregular Openings.} Ne7 {[%emt 0:00:59] [#]} 7. Ne2 $146 (7. d3 $17) ({Predecessor:} 7. d3 Nf8 8. Nd2 Nfg6 9. Ndf3 h5 10. gxh5 Rxh5 11. Ne2 Nh4 12. Nxh4 Rxh4 13. Ng3 {½-½ (98) Van Foreest,J (2714)-Goryachkina,A (2610) Chess.com INT 2022}) 7... O-O 8. c4 {[%emt 0:01:35] Black is clearly better.} Qb6 (8... f5 $17 {...fxg4 is the strong threat.} 9. cxd5 cxd5) 9. cxd5 $11 cxd5 10. Nbc3 e4 ({Black should try} 10... d4 $11 11. exd4 exd4) 11. d3 $1 $14 exd3 12. Qxd3 Ne5 13. Qd2 Bb4 14. O-O Rd8 15. Rad1 (15. Rfd1 $16) 15... Be6 ({Black should play} 15... h5 $1 $14) 16. f4 $16 Bc5 $2 17. Nd4 $18 Bxd4 18. exd4 (18. Qxd4 N5c6 19. Qxb6 (19. Nxd5 Nxd4 20. Nxb6 axb6 $16) 19... axb6 $18) 18... N5c6 (18... Nxg4 $142 19. Ba3 Ne3) 19. f5 Bc8 20. Kh1 f6 21. Rfe1 Qc7 (21... Bd7 $142 22. Ba3 (22. Nxd5 Nxd5 23. Bxd5+ Kh8 $18) 22... Re8) 22. Ba3 Kf7 (22... Bxf5 {might work better.} 23. gxf5 Nxf5) 23. Qe3 a6 (23... Qd7 $142 24. Re2 b5 25. Bxe7 Qxe7 26. Qxe7+ Nxe7) 24. Rc1 h5 {[%emt 0:00:04] [#]} 25. Ne2 $2 (25. Nxd5 $1 Qa5 (25... Qd7 26. Nxe7) 26. Bxe7 Rxd5 27. Bc5) 25... hxg4 26. hxg4 {[%emt 0:00:18] Black must now prevent Nf4.} ({Not} 26. Nf4 gxh3 27. Bf3 (27. Bxh3 Nxf5 28. Qf3 Kg8 $15) (27. Nxh3 Bxf5 28. Bxe7 Qxe7 $16) 27... Bxf5 $18) 26... Rh8+ 27. Kg1 Qh2+ 28. Kf1 Rh4 29. Bxe7 Nxe7 30. Rc7 $4 Qxc7 $19 31. Nf4 Qd6 (31... Qd8 $19 {and Black stays clearly on top.} 32. Qxe7+ Qxe7 33. Rxe7+ Kxe7 34. Ng6+ Kd6 35. Nxh4 Bd7) 32. Qxe7+ $4 Qxe7 33. Rxe7+ Kxe7 34. Ng6+ Kd6 35. Nxh4 {[%emt 0:00:01][%mdl 4096] Endgame KRB-KBN} Bd7 {[%emt 0:00:03] aiming for ...Rc8.} 36. Ng6 Rc8 37. Nf4 Rc1+ 38. Kf2 Bc6 39. Nh5 Rc2+ 40. Kg3 Rxa2 41. Nxg7 Ra3 42. Kf4 Rxb3 {[%emt 0:00:07] [#] Strongly threatening ...a5.} 43. g5 fxg5+ 44. Kg4 Ke7 {[%emt 0:00:11] And now ...a5 would win.} 45. Ne6 a5 46. Nxg5 a4 {[%emt 0:00:03] Black mates.} 47. Kf4 a3 48. Ke5 Re3+ 49. Kf4 Re1 {Quite a comeback for Black.  Weighted Error Value: White=1.11/Black=0.54} 0-1

[Event "Czech Open-Rapid 2022"]
[Site "Pardubice"]
[Date "2022.07.21"]
[Round "4.29"]
[White "Franc, Lubor"]
[Black "Babula, Vlastimil jr"]
[Result "0-1"]
[ECO "B56"]
[WhiteElo "1747"]
[BlackElo "2039"]
[Annotator "TA"]
[PlyCount "67"]
[EventDate "2022.07.20"]
[EventType "swiss"]
[EventCountry "CZE"]
[SourceTitle "playchess.com"]
[Source "ChessBase"]
[SourceQuality "1"]
[TimeControl "1200+10"]

1. e4 c5 2. Nf3 d6 3. d4 cxd4 4. Nxd4 Nf6 5. Nc3 Nc6 6. Nb3 g6 7. g3 Bg7 8. Bg2 O-O 9. h3 Bd7 10. O-O Ne5 {[%emt 0:01:27] B70: Sicilian Dragon: 6 g3 and 6 Be2 (without a later Be3).} 11. Qe2 Rc8 {[%emt 0:00:57] [#]} 12. Nd2 $146 ({Predecessor:} 12. Rd1 Qc7 13. g4 h6 14. g5 hxg5 15. Bxg5 Be6 16. Nd4 Qd7 17. Nxe6 Qxe6 18. Bxf6 Qxf6 {0-1 (41) Granda Zuniga,J (2644)-Gashimov,V (2740) Ourense 2009}) 12... Be6 {[%emt 0:02:33] Black has an edge.} 13. Rd1 Nfd7 14. Kh2 Nb6 15. f4 Nec4 16. e5 Nxd2 17. Rxd2 Nc4 18. Rd1 {[%emt 0:00:15] [#]} (18. Rd3 $15) 18... Qe8 (18... Qc7 $1 $17 19. Nb5 Qb6) 19. exd6 Nxd6 (19... exd6 $17 20. a4 (20. Bxb7 Rb8 $17) 20... b6) 20. Nd5 $11 Nb5 21. c3 {[%emt 0:00:52][%cal Of4f5] Against Nd4} Nc7 22. Be3 Nxd5 23. Bxd5 Bxd5 24. Rxd5 Qa4 25. Qd1 (25. Qb5 $5 Qe4 26. Qd3 $14) 25... Qc4 26. Qd3 e6 27. Qxc4 Rxc4 28. Rd7 Re4 29. Bxa7 (29. Re1 $14 {stays ahead.}) 29... Re2+ $17 30. Kh1 Rxb2 31. Bd4 Rc8 32. a4 (32. Be3 $17) 32... Bxd4 $19 33. cxd4 Rcc2 {[%emt 0:00:04] And now ...Rh2+ would win.} 34. a5 {[%emt 0:00:47] Weighted Error Value: White=0.27 (precise) /Black=0.14 (very precise)} (34. d5 {was called for.}) 0-1

[Event "Czech Open-Rapid 2022"]
[Site "Pardubice"]
[Date "2022.07.21"]
[Round "4.30"]
[White "Zdrazil, Tomas"]
[Black "Freibergs, Andrejs"]
[Result "1-0"]
[ECO "C40"]
[WhiteElo "2122"]
[BlackElo "1574"]
[Annotator "NA RC"]
[PlyCount "98"]
[EventDate "2022.07.20"]
[EventType "swiss"]
[EventCountry "CZE"]
[SourceTitle "playchess.com"]
[Source "ChessBase"]
[SourceQuality "1"]
[TimeControl "1200+10"]

1. e4 e5 2. Nf3 f5 3. Nxe5 Qf6 4. d4 d6 5. Nc4 fxe4 6. Nc3 Qg6 7. f3 exf3 8. Qxf3 Nf6 9. Bd3 Qg4 10. Qxg4 Bxg4 11. O-O Nc6 12. Bg5 Be7 13. Rae1 Kd7 14. h3 Bh5 15. Bf5+ Kd8 16. d5 Nxd5 17. Nxd5 Bxg5 18. Nce3 Ne5 19. g4 Bf7 20. c3 c6 21. Nf4 Kc7 22. Be6 Bxf4 23. Bxf7 g5 24. Nf5 Rhf8 25. Bh5 Ng6 26. Bxg6 hxg6 27. Nd4 Kd7 28. Re2 Rae8 29. Rfe1 Bg3 30. Rxe8 Rxe8 31. Rxe8 Kxe8 32. Kg2 Be5 33. Nf3 Bf6 34. h4 gxh4 35. g5 Be5 36. Nxh4 Bf4 37. Nxg6 Bxg5 38. Kf3 Kf7 39. Nf4 Bxf4 40. Kxf4 Ke6 41. Ke4 a5 42. b3 b5 43. a3 b4 44. axb4 axb4 45. cxb4 d5+ 46. Kd4 Kd6 47. Kd3 Ke5 48. Ke3 d4+ 49. Kd3 Kd5 1-0

[Event "Czech Open-Rapid 2022"]
[Site "Pardubice"]
[Date "2022.07.21"]
[Round "4.31"]
[White "Hrabal, Matej"]
[Black "Bertram, Karsten"]
[Result "0-1"]
[ECO "B01"]
[WhiteElo "1950"]
[BlackElo "2062"]
[Annotator "NA RC"]
[PlyCount "76"]
[EventDate "2022.07.20"]
[EventType "swiss"]
[EventCountry "CZE"]
[SourceTitle "playchess.com"]
[Source "ChessBase"]
[SourceQuality "1"]
[TimeControl "1200+10"]

1. e4 d5 2. exd5 Qxd5 3. Nf3 Bg4 4. Be2 Nc6 5. d4 O-O-O 6. c4 Qf5 7. Be3 Bxf3 8. Bxf3 Nxd4 9. Bxd4 Qe6+ 10. Be2 Qe4 11. Nc3 Qxd4 12. O-O Qxd1 13. Rfxd1 Rxd1+ 14. Rxd1 e6 15. a3 Nf6 16. Bf3 Be7 17. Ne4 Nd7 18. g3 Ne5 19. Be2 Rd8 20. Rxd8+ Kxd8 21. f4 Nc6 22. Bd3 a5 23. Nd2 f5 24. Nf3 Bf6 25. b3 Ke7 26. Kf2 Kd6 27. Ke3 Kc5 28. h3 h6 29. g4 fxg4 30. hxg4 Bb2 31. a4 Kb4 32. Bc2 Kc3 33. Bd1 Ba3 34. Ke4 Bd6 35. Nd4 Nxd4 36. Bf3 Kc2 37. c5 Bxc5 38. Ke5 g6 0-1

[Event "Czech Open-Rapid 2022"]
[Site "Pardubice"]
[Date "2022.07.21"]
[Round "4.32"]
[White "Valenta, Vit Vaclav"]
[Black "Hon, Jiri"]
[Result "1-0"]
[ECO "A00"]
[WhiteElo "1996"]
[BlackElo "1778"]
[Annotator "TA"]
[PlyCount "73"]
[EventDate "2022.07.20"]
[EventType "swiss"]
[EventCountry "CZE"]
[SourceTitle "playchess.com"]
[Source "ChessBase"]
[SourceQuality "1"]
[TimeControl "1200+10"]

1. b4 Nf6 2. Bb2 e6 3. a3 c5 4. bxc5 Bxc5 5. e3 O-O 6. Nf3 {[%emt 0:00:04] A00: Irregular Openings.} d5 7. Be2 Nc6 8. O-O {[%emt 0:00:03] The position is equal.} d4 9. exd4 Nxd4 10. Nxd4 Bxd4 {[%emt 0:00:01] [#]} 11. Bxd4 $146 ({Predecessor:} 11. c3 Bb6 12. d4 Bd7 13. Bf3 Qc7 14. Nd2 Bc6 15. c4 Rad8 16. d5 exd5 17. Bxf6 gxf6 {0-1 (44) Mamuzic,M (2233)-Geleta,J (2266) Senta 2006}) 11... Qxd4 12. c3 Qd6 13. d4 b6 14. Bf3 {Against Bb7} Rb8 15. Nd2 Ba6 16. Re1 Rbc8 17. Qa4 Bd3 18. Rac1 Rc7 19. Re3 Bf5 20. Nc4 Qf4 21. g3 Qg5 22. Ne5 Rfc8 $2 (22... Be4 $11) 23. h4 $18 Qh6 24. g4 $36 {[%emt 0:00:30][%mdl 2048] White is on the roll.} Nxg4 25. Bxg4 ({Not} 25. Nxg4 Qxh4 26. Nh2 Qg5+ 27. Kh1 Qh4 $14) 25... Bxg4 26. Nxg4 Qxh4 27. Rg3 h5 {[%emt 0:00:48] [#]} 28. Ne5 Qf4 29. Qd1 f6 $2 {[%emt 0:01:11] [#]} (29... Rd8 {might work better.} 30. Nd3 Qh6) 30. Nd3 $2 (30. Ng6 $1 $18 {[%cal Rg6f4] is the precise move to win.} Qf5 31. a4) 30... Qh6 {[%emt 0:00:18] Black cannot hold the game after this.} (30... Qf5 $16) 31. Qe1 Kf7 32. Nb4 (32. Qe2 $18) 32... a5 (32... Re8 $16 33. Nd3 h4) 33. Nd3 h4 34. Rg4 f5 $2 (34... Qh7) 35. Ne5+ Kg8 36. Rg6 Qf4 37. Rc2 {Weighted Error Value: White=0.19 (very precise) /Black=0.39} 1-0

[Event "Czech Open-Rapid 2022"]
[Site "Pardubice"]
[Date "2022.07.21"]
[Round "4.33"]
[White "Mierins, Emils Janis"]
[Black "Stocek, Martin"]
[Result "1-0"]
[ECO "B13"]
[WhiteElo "2042"]
[BlackElo "1851"]
[Annotator "TA"]
[PlyCount "139"]
[EventDate "2022.07.20"]
[EventType "swiss"]
[EventCountry "CZE"]
[SourceTitle "playchess.com"]
[Source "ChessBase"]
[SourceQuality "1"]
[TimeControl "1200+10"]

1. e4 c6 2. d4 d5 3. exd5 cxd5 4. Bd3 Nf6 5. c3 Nc6 6. Bf4 Bg4 7. Qb3 Qd7 8. Nd2 a6 {[%emt 0:01:25] B13: Caro-Kann: Exchange Variation and Panov-Botvinnik Attack.} 9. Ngf3 Bh5 10. Ne5 Qc8 {[%emt 0:00:21] White is slightly better.} 11. O-O e6 12. Nxc6 Qxc6 13. c4 {[%emt 0:01:24] [#]} Bg6 $146 ({Predecessor:} 13... Be7 14. c5 O-O 15. Qc2 b6 16. b4 Bg6 17. Nb3 Nd7 18. a4 bxc5 19. dxc5 e5 20. Bxg6 hxg6 {½-½ (48) Shyam,S (2521)-Panda,S (2085) Bhubaneswar 2018}) 14. Rac1 Bd6 15. cxd5 (15. Be5 {with more complications.} Bxd3 16. Qxd3 O-O 17. Bxf6 gxf6 18. c5) 15... Qxd5 16. Bxd6 Qxd6 17. Qxb7 (17. Nc4 $1 $14 {is superior.} Qe7 18. Bxg6 hxg6 {[#]} 19. Qxb7 $1 Qxb7 20. Nd6+ Kf8 21. Nxb7) 17... O-O $11 18. Bxg6 hxg6 19. Nb3 a5 20. Qc6 Qf4 21. g3 Qg4 22. Rfe1 a4 23. Nc5 Qxd4 24. Re2 Rfc8 (24... Rac8 $1 $15 25. Qb5 Qd5) 25. Qb5 Rab8 26. Qc4 Qd6 27. Rec2 Nd7 28. Nb7 Rxc4 (28... Qb6 $1 $15 29. Qxc8+ Rxc8 30. Rxc8+ Kh7) 29. Nxd6 Rxc2 30. Rxc2 $15 {[%emt 0:00:02][%mdl 4096] Endgame KRN-KRN} Ne5 31. f4 Nd3 32. b3 axb3 33. axb3 Rxb3 $2 {[%emt 0:00:10] White leaves nothing to chance now.} (33... Rd8 $11 34. Ne4 e5) 34. Rc8+ $18 Kh7 35. Nxf7 {[%emt 0:00:01][%csl Gf7][%cal Rc8h8] [#]} Rb1+ (35... g5 {was necessary.} 36. Nxg5+ Kg6 37. Nxe6 Rb6) 36. Kg2 g5 37. Nxg5+ Kg6 38. Nxe6 Rb2+ 39. Kh3 Kf6 40. Nd4 Nf2+ 41. Kh4 Rb4 $2 (41... Ne4 42. Rc6+ Kf7) 42. Rc6+ Kf7 43. Nf3 Ne4 $2 (43... Rb8 44. Kh5 Rh8+ 45. Kg5 Rd8 46. Ne5+ Ke8) 44. Ng5+ Nxg5 45. Kxg5 {[%emt 0:00:02] White wants to mate with h4. KR-KR} Rb2 46. h4 Rb3 47. g4 Rb1 48. h5 Rb7 49. h6 gxh6+ 50. Rxh6 Kg7 51. f5 Rb4 52. Rc6 Rb7 53. Kh5 Rb5 54. Kg5 Rb7 $1 55. Re6 Kf7 56. Kf4 Rb4+ 57. Re4 Rb7 58. g5 {[%emt 0:00:03][%cal Bg4g5,Bg5g6][%mdl 32] g6+ would kill now.} Rb5 59. g6+ {[%emt 0:00:03] White mates.} Kf6 60. Re6+ Kg7 61. Re7+ Kf8 62. Rf7+ Kg8 63. Kg5 Rb6 64. Rc7 Rb5 65. Re7 Kf8 66. Rf7+ Kg8 67. Kh6 Rb1 68. Rc7 Rh1+ 69. Kg5 Rg1+ 70. Kf6 {[%emt 0:00:02] Weighted Error Value: White=0.13 (very precise) /Black=0.47} 1-0

[Event "Czech Open-Rapid 2022"]
[Site "Pardubice"]
[Date "2022.07.21"]
[Round "4.34"]
[White "Soukup, Stepan"]
[Black "Michelle Catherina, P."]
[Result "0-1"]
[ECO "A62"]
[WhiteElo "1809"]
[BlackElo "2141"]
[Annotator "NA RC"]
[PlyCount "52"]
[EventDate "2022.07.20"]
[EventType "swiss"]
[EventCountry "CZE"]
[SourceTitle "playchess.com"]
[Source "ChessBase"]
[SourceQuality "1"]
[TimeControl "1200+10"]

1. d4 Nf6 2. c4 c5 3. d5 e6 4. Nc3 exd5 5. cxd5 d6 6. Nf3 g6 7. g3 Bg7 8. Bg2 O-O 9. O-O Re8 10. Re1 a6 11. a4 h6 12. e4 Nbd7 13. Qc2 Ng4 14. Nd2 Qf6 15. Re2 g5 16. Nc4 Rb8 17. h3 Nge5 18. Nxe5 Nxe5 19. Be3 Nf3+ 20. Bxf3 Qxf3 21. Kh2 b5 22. axb5 axb5 23. Rae1 b4 24. Nd1 b3 25. Qd2 Rxe4 26. Nc3 Rh4 0-1

[Event "Czech Open-Rapid 2022"]
[Site "Pardubice"]
[Date "2022.07.21"]
[Round "4.35"]
[White "Lev, Lukas"]
[Black "Jares, Michal"]
[Result "0-1"]
[ECO "A04"]
[WhiteElo "1679"]
[BlackElo "2208"]
[Annotator "TA"]
[PlyCount "52"]
[EventDate "2022.07.20"]
[EventType "swiss"]
[EventCountry "CZE"]
[SourceTitle "playchess.com"]
[Source "ChessBase"]
[SourceQuality "1"]
[TimeControl "1200+10"]

1. Nf3 c5 2. g3 Nc6 3. Bg2 g6 4. d4 cxd4 5. Nxd4 Bg7 6. Nxc6 bxc6 7. O-O Nf6 8. c4 O-O 9. Nc3 Qc7 {[%emt 0:00:43] A04: Unusual lines after 1 Nf3 and King's Indian Attack.} 10. Bd2 d6 {[%emt 0:01:03] [#]} 11. Nb5 $146 ({Predecessor:} 11. Rc1 Rb8 12. b3 Nd7 13. Qc2 Nc5 14. b4 Ne6 15. Qa4 Bd7 16. e3 a5 17. a3 axb4 18. axb4 {0-1 (49) Vukelic,T (2231)-Lekic,D (2397) Bol 2011}) 11... Qd7 {[%emt 0:01:10] The position is equal.} 12. Nd4 Bb7 13. Qa4 e5 14. Nb3 ({Avoid the trap} 14. Bxc6 $2 Bxc6 15. Qxc6 (15. Nxc6 $2 Rfc8 $19) 15... exd4 $19) ({Don't blunder} 14. Nxc6 $2 Rfc8 15. Qc2 Bxc6 $19) 14... e4 15. Rfd1 d5 ({Black should play} 15... Qe7) 16. Bc3 {[%emt 0:01:15] aiming for Bxf6.} e3 17. fxe3 ({Better is} 17. f4) 17... Qe7 18. cxd5 (18. Rd3 $16) 18... Qxe3+ $11 19. Kh1 cxd5 20. Qb5 {[%emt 0:03:15] [#]} (20. Rf1 $11 {remains equal.} Ne4 21. Bxg7 Kxg7 22. Qd4+ Qxd4 23. Nxd4) 20... Ne4 $1 {[%emt 0:01:44] ( -> ...Nf2+)} 21. Be1 (21. Rf1 Bxc3) 21... Rab8 22. Qd3 Qb6 {[%emt 0:00:28] 0x0.001e39dd661bdp-1022s more active pieces.} 23. e3 Rfe8 {[%emt 0:00:32] Hoping for ...Ba6. Black is clearly better.} 24. Rac1 Bh6 25. Nd4 Qxb2 (25... Nd6 $19 26. Bf2 Nc4) 26. Rc2 (26. a4 $17 {was worth a try.}) 26... Qb6 {[%emt 0:00:10] Weighted Error Value: White=0.28 (precise) /Black=0.15 (very precise)} 0-1

[Event "Czech Open-Rapid 2022"]
[Site "Pardubice"]
[Date "2022.07.21"]
[Round "4.36"]
[White "Ret, Adam Josef"]
[Black "Rakhmangulova, Iulia"]
[Result "1-0"]
[ECO "A48"]
[WhiteElo "2023"]
[BlackElo "1904"]
[Annotator "TA"]
[PlyCount "50"]
[EventDate "2022.07.20"]
[EventType "swiss"]
[EventCountry "CZE"]
[SourceTitle "playchess.com"]
[Source "ChessBase"]
[SourceQuality "1"]
[TimeControl "1200+10"]

1. d4 Nf6 2. Nf3 g6 3. b3 Bg7 4. Bb2 O-O 5. e3 d5 6. Bd3 c6 {[%emt 0:00:36] D04: Colle System.} 7. c4 Bg4 (7... c5 $5) 8. h3 Bxf3 9. Qxf3 Nbd7 (9... e5 {keeps more tension.} 10. dxe5 Nfd7 11. Qe2 Nxe5 12. O-O dxc4 13. Bxc4 b5) 10. Nd2 Re8 {[%emt 0:00:07] [#]} (10... e5 {is more complex.} 11. dxe5 Nh5 12. Rd1 Re8) 11. cxd5 $146 ({Predecessor:} 11. O-O e5 12. Qd1 e4 13. Be2 Nf8 14. cxd5 cxd5 15. Ba3 Ne6 16. Rc1 Nd7 17. Nb1 {0-1 (60) Grimaldi,P-Ragnoni,A Campobasso 2002}) 11... cxd5 (11... Nxd5 {is interesting.} 12. O-O e5 13. Bc4 Qa5) 12. Qe2 Rc8 13. O-O a6 14. Rac1 Qa5 15. a3 e6 16. Bc2 Bf8 17. b4 Qb6 18. Nb3 Bg7 19. Bd3 Qd6 20. Na5 b5 {[%emt 0:01:56] [#]} (20... Rxc1 $11 21. Rxc1 Rb8) 21. Qd2 (21. Nb7 $1 $16 Qb8 22. Nc5 Nxc5 23. bxc5 (23. dxc5 Nd7 $14)) 21... Nb6 $11 22. Nb7 Qb8 23. Nc5 Qa7 24. Rfd1 Nc4 25. Bxc4 dxc4 {[%emt 0:00:09][%mdl 32768] Weighted Error Value: White=0.18 (very precise) /Black=0.17 (very precise) . Loss on time!?} 1-0

[Event "Czech Open-Rapid 2022"]
[Site "Pardubice"]
[Date "2022.07.21"]
[Round "4.37"]
[White "Kroulik, Vaclav"]
[Black "Bares, Jachym"]
[Result "1-0"]
[ECO "C44"]
[WhiteElo "1749"]
[BlackElo "2129"]
[Annotator "TA"]
[PlyCount "171"]
[EventDate "2022.07.20"]
[EventType "swiss"]
[EventCountry "CZE"]
[SourceTitle "playchess.com"]
[Source "ChessBase"]
[SourceQuality "1"]
[TimeControl "1200+10"]

1. e4 e5 2. Nf3 Nc6 3. d4 exd4 4. Nxd4 Nf6 5. Nc3 Bb4 6. Nxc6 bxc6 7. Bd3 d5 8. exd5 cxd5 9. O-O O-O 10. Bg5 c6 11. h3 {[%emt 0:00:27] C47: Scotch Four Knights and Four Knights with 4 g3.} Be6 12. Qf3 Bd6 13. Ne2 {[%emt 0:00:29] The position is equal.} Rb8 14. b3 Be5 15. Rad1 h6 16. Bh4 Qc7 17. Bg3 {[%emt 0:00:48] [#]} Nd7 $146 ({Predecessor:} 17... c5 18. c3 Rfd8 19. Nf4 Bxf4 20. Bxf4 Qa5 21. Bxb8 Rxb8 22. Bb1 Ne4 23. c4 Nc3 24. cxd5 {1-0 (52) Bocharov,L (2178)-Martynenko,A (1987) St Petersburg 2008}) 18. Nf4 Bd6 (18... Rbe8 $14) 19. Nxe6 fxe6 20. Qg4 ({White should try} 20. Qe3 $14 Rbe8 21. Bxd6 Qxd6 22. c4 (22. Qxa7 Ra8 $11)) 20... e5 ({Black should play} 20... Rf6 $11) 21. Qe6+ $40 {[%emt 0:01:37][%mdl 128] White is up to no good.} Kh8 22. Qg6 Nf6 {[%emt 0:00:11] Prevents Qh7+.} 23. Bf5 (23. f3 {is more complex.} Kg8 24. c4 Rbd8 25. cxd5 cxd5 26. Rc1) 23... Qf7 24. Rfe1 (24. c4 {keeps more tension.} Qe8 25. cxd5 cxd5 26. Rfe1) 24... Qxg6 25. Bxg6 Nd7 26. c4 Rf6 27. Bh5 {[%emt 0:00:19] A strong pair of Bishops.} d4 28. Bg4 Rb7 29. Bxd7 Rxd7 30. Bxe5 Bxe5 31. Rxe5 $18 {[%emt 0:00:02][%mdl 4096] Endgame KRR-KRR} Kg8 32. Kf1 Kf7 33. Ke2 Re6 34. Rxe6 Kxe6 $16 {[%emt 0:00:01] KR-KR} 35. Kd3 c5 36. Re1+ Kd6 37. Re8 $1 Rf7 38. f3 Kd7 39. Re4 a5 40. Re5 Kd6 41. Re8 Ra7 {[%emt 0:00:01] Against Ra8} 42. Ke4 (42. Rb8 $16) 42... a4 $14 43. b4 cxb4 {[%emt 0:00:20] And now ...Re7+ would win.} 44. Kxd4 {[%emt 0:00:02] c5+ is the strong threat.} b3 45. axb3 axb3 46. Rb8 {[%emt 0:00:10] Prevents Rb7.} Ra2 47. Rxb3 {[%emt 0:00:08] Threatens to win with Rb6+.} Rxg2 48. c5+ Kc7 {[%emt 0:00:06] [#]} 49. Re3 (49. f4 $142 $1) 49... Kd7 50. f4 h5 (50... Rf2 $142) 51. Re5 $16 g6 (51... h4 $16 {is a better chance.} 52. Rg5 Rd2+ 53. Ke5 Kc6) 52. Rg5 Rh2 (52... Rf2 53. Ke5 (53. Rxg6 Rxf4+ 54. Kd5 Rf5+ 55. Kc4 Rf4+ 56. Kd5 Rf3 $16) 53... Rc2) 53. Rxg6 $18 Rxh3 54. Rh6 Rf3 55. Ke4 (55. Ke5 $142 Rc3 56. Kd5) 55... Rc3 56. Rxh5 Rc4+ 57. Kf3 (57. Ke3 $142 Ke6 58. c6 Kd6 59. Rh6+ Kd5 60. Kf3 Rc1 61. Kg4 Rf1 62. Kg5) 57... Ke6 58. Kg4 (58. Re5+ $142 Kf7 59. Ke3 Kf6 60. Rh5 Ke6 61. Rg5 Ke7 62. Rf5 Ke6 63. Kd3) 58... Kf6 59. Rh6+ Kg7 60. Rc6 Kf7 61. Kf5 Rc1 62. Rc7+ Ke8 63. Ke6 Kd8 64. Rd7+ Ke8 65. Rd5 Re1+ 66. Kf6 Rh1 67. f5 Rh6+ 68. Ke5 Rc6 69. Kf4 Kf7 70. Kg5 Ke7 71. Re5+ Kf7 72. Kf4 Kf6 {[%emt 0:00:01] [#]} 73. Ke4 $1 Ra6 74. Kd5 Ra8 75. Kd6 Ra6+ $1 76. Kd5 Ra8 $1 77. Re6+ {[%emt 0:00:23] White mates.} Kxf5 78. Re7 Kf6 79. Re3 Rd8+ 80. Kc6 Rd1 81. Kc7 Rc1 82. c6 Rh1 83. Kd7 Rd1+ 84. Kc8 Rc1 85. c7 Rd1 86. Rb3 {[%emt 0:00:44] Weighted Error Value: White=0.14 (very precise) /Black=0.70} 1-0

[Event "Czech Open-Rapid 2022"]
[Site "Pardubice"]
[Date "2022.07.21"]
[Round "4.38"]
[White "Melichar, Vojtech"]
[Black "Koska, Jiri"]
[Result "1-0"]
[ECO "A45"]
[WhiteElo "1907"]
[BlackElo "1856"]
[Annotator "TA"]
[PlyCount "127"]
[EventDate "2022.07.20"]
[EventType "swiss"]
[EventCountry "CZE"]
[SourceTitle "playchess.com"]
[Source "ChessBase"]
[SourceQuality "1"]
[TimeControl "1200+10"]

1. d4 Nf6 2. Nc3 g6 3. Bf4 d5 4. e3 Bg7 5. h4 h5 6. Nf3 {[%emt 0:00:24] A45: Trompowsky Attack.} Bg4 7. Qd2 c6 8. Ne5 (8. Ng5 $16) 8... Nbd7 9. f3 Be6 10. O-O-O Nxe5 11. Bxe5 {[%emt 0:00:02] [#]} Rg8 $146 ({Predecessor:} 11... b5 12. Kb1 a5 13. Bd3 O-O 14. Rdg1 Qd7 15. Qe2 a4 16. a3 Qb7 17. Na2 Qd7 {1-0 (42) Livaic,L (2507)-Villacorta Nicolas,D (2153) Tornelo INT 2020}) 12. Ne2 Qd7 13. Nf4 Nh7 14. Bxg7 {[%emt 0:02:42] White is more active.} Rxg7 15. Qb4 Bf5 16. Bd3 (16. c4 {is interesting.} e6 17. cxd5 exd5 18. Bd3) 16... Bxd3 17. Nxd3 b6 {[%emt 0:03:32] Inhibits Nc5.} ({Black should try} 17... Qc7 $14) 18. Qa4 Rg8 ({Black should play} 18... Rc8) 19. Ne5 $16 Qd6 20. Qxc6+ Qxc6 21. Nxc6 e6 22. e4 Nf6 23. Rhe1 Kd7 24. Ne5+ Ke7 25. b3 Rgc8 26. Kb2 Kf8 27. Nd3 Rd8 28. e5 Ne8 29. g4 Ng7 30. Nf4 Kg8 31. Rg1 Kh7 32. Rg2 Rg8 33. Nh3 {[%emt 0:00:42] Black must now prevent Ng5+.} Rgf8 34. Rdg1 Rac8 35. Nf4 Rg8 (35... Kh6 $142 36. c3 Rc7) 36. a4 {[%emt 0:00:02] Strongly threatening gxh5.} Rb8 $2 (36... Kh6 37. c3 Rh8) 37. c3 (37. gxh5 $142 gxh5 38. Rg5) 37... Rbc8 $2 (37... Kh6 {was worth a try.} 38. Ra1 Ra8) 38. Kc2 (38. gxh5 $142 Nxh5 39. Nxh5 gxh5 40. Rxg8 Rxg8 41. Rxg8 Kxg8 42. c4) 38... Rb8 $2 (38... Kh6 39. Kd3 Rc7) 39. Kd3 Rbc8 $2 (39... hxg4 40. fxg4 Rgd8) 40. c4 dxc4+ 41. bxc4 {[%emt 0:00:01][%cal Bb3c4,Bc4d5,Bd5d6][%mdl 32] And now gxh5 would win.} Rgf8 (41... Kh6 {keeps fighting.} 42. Rc1 Rh8) 42. gxh5 $18 Nxh5 (42... Kh6 $142 43. hxg6 f6) 43. Nxh5 gxh5 {[%emt 0:00:02][%mdl 4096] Endgame KRR-KRR} 44. Rg7+ Kh6 45. d5 {[%emt 0:00:17] Threatens to win with dxe6.} exd5 46. cxd5 Rc5 47. Kd4 Rd8 48. d6 Rdc8 49. Rxf7 Rc4+ 50. Kd5 R4c5+ 51. Ke6 Re8+ 52. Re7 Rf8 53. Rf7 $2 (53. Reg7 {mates} Re8+ 54. Kf7 Rf8+ 55. Kxf8 Rc8+ 56. Ke7 Rc7+ 57. dxc7 a6 58. R1g6#) 53... Rxe5+ $2 {[%emt 0:00:26][%mdl 8192] [#]} 54. Kxe5 {[%emt 0:00:01] White mates.} Rxf7 $11 {KR-KR} 55. Ke6 Rxf3 56. d7 Re3+ 57. Kd6 Rd3+ 58. Kc7 Rc3+ 59. Kb7 Rd3 {[%emt 0:00:02] [#]} 60. Kc8 $1 Rc3+ 61. Kd8 a6 62. Rg5 Rc4 63. Ke7 Re4+ 64. Kd6 {[%emt 0:00:02] Weighted Error Value: White=0.34/Black=0.50} 1-0